[Event "IX Iberoamericano Championship 2023"]
[Site "Panama City"]
[Date "2023.12.02"]
[Round "9.2"]
[White "Diaz Perez, Michel Alejandro"]
[Black "Cori, Jorge"]
[Result "1/2-1/2"]
[ECO "B15"]
[WhiteElo "2459"]
[BlackElo "2626"]
[Annotator "ChessBase"]
[PlyCount "109"]
[EventDate "2023.11.27"]
[EventType "swiss"]
[EventCountry "PAN"]
[SourceTitle "playchess.com"]
[Source "ChessBase"]
[SourceQuality "1"]
[TimeControl "5400+30"]

1. e4 c6 2. d4 d5 3. Nc3 dxe4 4. Nxe4 Nf6 5. Nxf6+ exf6 6. c3 Bd6 7. Bd3 O-O 8. Qc2 Re8+ 9. Ne2 h5 10. O-O Nd7 11. Bf4 Nf8 12. Bxd6 Qxd6 13. Rfe1 h4 14. h3 Bd7 15. Rad1 Re7 16. Nc1 Rae8 17. Qd2 g5 18. Bf1 Ng6 19. Nd3 Bf5 20. Rxe7 Rxe7 21. Re1 Rxe1 22. Qxe1 Qe6 23. Qxe6 fxe6 24. Nc5 b6 25. Na6 Kf7 26. Nb4 Ne7 27. Ba6 e5 28. dxe5 fxe5 29. Bd3 Ke6 30. Kf1 c5 31. Bxf5+ Kxf5 32. Nc2 Nd5 33. g3 g4 34. c4 Nf6 35. Ne3+ Kg5 36. Nxg4 Nxg4 37. hxg4 Kxg4 38. gxh4 Kxh4 39. Ke2 Kg4 40. Ke3 Kf5 41. f3 a6 42. b3 Ke6 43. Ke4 b5 44. cxb5 axb5 45. a4 c4 46. axb5 cxb3 47. Kd3 Kd5 48. Kc3 Kc5 49. Kxb3 Kxb5 50. Kc3 Kc5 51. Kd3 Kd5 52. Ke3 Ke6 53. Ke4 Kf6 54. f4 exf4 55. Kxf4 1/2-1/2

[Event "IX Iberoamericano Championship 2023"]
[Site "Panama City"]
[Date "2023.12.02"]
[Round "9.3"]
[White "Zambrana, Osvaldo"]
[Black "Mareco, Sandro"]
[Result "1-0"]
[ECO "C54"]
[WhiteElo "2400"]
[BlackElo "2606"]
[Annotator "ChessBase"]
[PlyCount "53"]
[EventDate "2023.11.27"]
[EventType "swiss"]
[EventCountry "PAN"]
[SourceTitle "playchess.com"]
[Source "ChessBase"]
[SourceQuality "1"]
[TimeControl "5400+30"]

1. e4 e5 2. Nf3 Nc6 3. Bc4 Bc5 4. O-O Nf6 5. d3 d6 6. c3 a5 7. Re1 O-O 8. h3 Be6 9. Nbd2 Ba7 10. a4 h6 11. Nf1 Nxe4 12. Rxe4 d5 13. Bxd5 Bxd5 14. Re1 Bc5 15. Ng3 Re8 16. Be3 Bf8 17. Nd2 g6 18. Rf1 f5 19. f4 exf4 20. Bxf4 g5 21. Nxf5 gxf4 22. Rxf4 Kh8 23. Qf1 Ne5 24. d4 Ng6 25. Rg4 Ra6 26. Qd3 Be6 27. Rxg6 1-0

[Event "IX Iberoamericano Championship 2023"]
[Site "Panama City"]
[Date "2023.12.02"]
[Round "9.4"]
[White "Almeida Quintana, Omar"]
[Black "Espinosa Veloz, Ermes"]
[Result "1/2-1/2"]
[ECO "E92"]
[WhiteElo "2509"]
[BlackElo "2478"]
[Annotator "ChessBase"]
[PlyCount "23"]
[EventDate "2023.11.27"]
[EventType "swiss"]
[EventCountry "PAN"]
[SourceTitle "playchess.com"]
[Source "ChessBase"]
[SourceQuality "1"]
[TimeControl "5400+30"]

1. d4 Nf6 2. Nf3 g6 3. c4 Bg7 4. Nc3 O-O 5. e4 d6 6. Be2 e5 7. dxe5 dxe5 8. Qxd8 Rxd8 9. Nd5 Nxd5 10. cxd5 c6 11. Bc4 b5 12. Bb3 1/2-1/2

[Event "IX Iberoamericano Championship 2023"]
[Site "Panama City"]
[Date "2023.12.02"]
[Round "9.5"]
[White "Soto Hernandez, Henry"]
[Black "Ordaz Valdes, Lisandra Teresa"]
[Result "1-0"]
[ECO "A06"]
[WhiteElo "2490"]
[BlackElo "2306"]
[Annotator "ChessBase"]
[PlyCount "83"]
[EventDate "2023.11.27"]
[EventType "swiss"]
[EventCountry "PAN"]
[SourceTitle "playchess.com"]
[Source "ChessBase"]
[SourceQuality "1"]
[TimeControl "5400+30"]

1. Nf3 d5 2. g3 Nf6 3. Bg2 e6 4. O-O Be7 5. b3 O-O 6. Bb2 c5 7. d4 cxd4 8. Bxd4 Nc6 9. Bb2 b6 10. Nbd2 Bb7 11. e3 Rc8 12. c4 Qd7 13. Qe2 Rfd8 14. Rfd1 Qe8 15. h3 h6 16. g4 Ba6 17. Rac1 Ne4 18. Nxe4 dxe4 19. Ne5 Nxe5 20. Bxe5 Bb7 21. Bb2 Qc6 22. Rxd8+ Rxd8 23. Rd1 Rxd1+ 24. Qxd1 Qd6 25. Qc2 Qc6 26. Bc3 Bf6 27. Bxf6 gxf6 28. b4 Kg7 29. a3 b5 30. c5 Qd5 31. a4 a6 32. Bf1 Bc6 33. axb5 axb5 34. Be2 Kf8 35. Qb2 Ke7 36. Kg2 Qe5 37. Qa3 Qc7 38. Qa6 Qd7 39. Qb6 Qe8 40. Qc7+ Qd7 41. Qb6 Qe8 42. Bxb5 1-0

[Event "IX Iberoamericano Championship 2023"]
[Site "Panama City"]
[Date "2023.12.02"]
[Round "9.6"]
[White "De La Riva Aguado, Oscar"]
[Black "Hernandez Guerrero, Gilberto"]
[Result "1/2-1/2"]
[ECO "A08"]
[WhiteElo "2437"]
[BlackElo "2527"]
[Annotator "ChessBase"]
[PlyCount "59"]
[EventDate "2023.11.27"]
[EventType "swiss"]
[EventCountry "PAN"]
[SourceTitle "playchess.com"]
[Source "ChessBase"]
[SourceQuality "1"]
[TimeControl "5400+30"]

1. e4 c5 2. Nf3 e6 3. d3 Nc6 4. g3 d5 5. Qe2 Nge7 6. Bg2 g6 7. O-O Bg7 8. e5 h6 9. h4 b6 10. c3 Ba6 11. Re1 Qd7 12. Na3 Rc8 13. Nc2 d4 14. c4 Bb7 15. a3 a5 16. Rb1 a4 17. b4 axb3 18. Rxb3 Qd8 19. Bf4 Ra8 20. Reb1 Nc8 21. Qd2 Ra7 22. Nce1 Qc7 23. Qe2 Na5 24. R3b2 Nc6 25. Rb3 Na5 26. R3b2 Nc6 27. Rb3 O-O 28. Nh2 Nxe5 29. Bxb7 Rxb7 30. Ng4 1/2-1/2

[Event "IX Iberoamericano Championship 2023"]
[Site "Panama City"]
[Date "2023.12.02"]
[Round "9.7"]
[White "Almedina Ortiz, Edgardo J."]
[Black "Berdayes Ason, Dylan Isidro"]
[Result "0-1"]
[ECO "D00"]
[WhiteElo "2158"]
[BlackElo "2507"]
[Annotator "ChessBase"]
[PlyCount "90"]
[EventDate "2023.11.27"]
[EventType "swiss"]
[EventCountry "PAN"]
[SourceTitle "playchess.com"]
[Source "ChessBase"]
[SourceQuality "1"]
[TimeControl "5400+30"]

1. d4 d5 2. Bf4 Nf6 3. e3 c5 4. dxc5 e6 5. b4 a5 6. c3 Bd7 7. Nd2 axb4 8. cxb4 b6 9. cxb6 Qxb6 10. a3 Nc6 11. Ngf3 Nh5 12. Be5 Nxe5 13. Nxe5 Nf6 14. Nxd7 Nxd7 15. Be2 Bd6 16. O-O O-O 17. Qb3 Be5 18. Rac1 Rfb8 19. Rfd1 Qa7 20. Nb1 g6 21. g3 Nc5 22. Qc2 Na4 23. Qb3 h5 24. Rc6 h4 25. Qc2 Qe7 26. Kg2 Kg7 27. Rc1 Rh8 28. f4 Bb2 29. Rd1 hxg3 30. hxg3 Bf6 31. Rc7 Qf8 32. Rh1 Rxh1 33. Kxh1 Nb2 34. Kg2 Nc4 35. Bxc4 dxc4 36. Qxc4 Qd8 37. Kf2 Qd1 38. Qxe6 Rf8 39. Qa2 Qh1 40. Nd2 Qh2+ 41. Kf3 g5 42. fxg5 Be5 43. Rc2 Qxg3+ 44. Ke2 Qg4+ 45. Kf1 Rh8 0-1

[Event "IX Iberoamericano Championship 2023"]
[Site "Panama City"]
[Date "2023.12.02"]
[Round "9.8"]
[White "Ulloa, Ruben Abraham"]
[Black "Miranda Mesa, Elier"]
[Result "0-1"]
[ECO "B40"]
[WhiteElo "2150"]
[BlackElo "2490"]
[Annotator "ChessBase"]
[PlyCount "108"]
[EventDate "2023.11.27"]
[EventType "swiss"]
[EventCountry "PAN"]
[SourceTitle "playchess.com"]
[Source "ChessBase"]
[SourceQuality "1"]
[TimeControl "5400+30"]

1. e4 c5 2. Nf3 e6 3. b3 b6 4. Bb2 Bb7 5. e5 Nc6 6. Na3 Nge7 7. Nc4 Nd5 8. g3 Be7 9. Bg2 O-O 10. O-O Qc7 11. Re1 b5 12. Ne3 Nxe3 13. dxe3 c4 14. Bd4 Rac8 15. bxc4 bxc4 16. c3 Qa5 17. Qc2 d6 18. exd6 Bxd6 19. e4 Rfd8 20. Rab1 Ba8 21. h4 Nxd4 22. Nxd4 Bc5 23. Red1 Rd7 24. Nf3 Rxd1+ 25. Rxd1 Bc6 26. Qb2 Bxe4 27. Ng5 Bd3 28. Bf1 h6 29. Bxd3 hxg5 30. Bb1 gxh4 31. Qb7 Rd8 32. Rxd8+ Qxd8 33. gxh4 g6 34. Qe4 Qd2 35. Qc2 Bxf2+ 36. Kg2 Qxc2 37. Bxc2 Bxh4 38. Ba4 Be1 39. Bb5 Bxc3 40. Bxc4 Kg7 41. Kf3 Kf6 42. Bb5 Ke7 43. Kf4 Bd2+ 44. Ke4 f5+ 45. Ke5 Bc3+ 46. Kf4 Kf6 47. Be8 e5+ 48. Kf3 e4+ 49. Kf4 g5+ 50. Ke3 Ke5 51. Bg6 f4+ 52. Ke2 f3+ 53. Ke3 Bd4+ 54. Kd2 e3+ 0-1

[Event "IX Iberoamericano Championship 2023"]
[Site "Panama City"]
[Date "2023.12.02"]
[Round "9.9"]
[White "Rodriguez Vila, Andres"]
[Black "Palma Villanueva, Miguel Ta"]
[Result "1/2-1/2"]
[ECO "B07"]
[WhiteElo "2405"]
[BlackElo "2286"]
[Annotator "ChessBase"]
[PlyCount "91"]
[EventDate "2023.11.27"]
[EventType "swiss"]
[EventCountry "PAN"]
[SourceTitle "playchess.com"]
[Source "ChessBase"]
[SourceQuality "1"]
[TimeControl "5400+30"]

1. e4 d6 2. d4 e5 3. dxe5 dxe5 4. Qxd8+ Kxd8 5. Bc4 f6 6. Be3 c6 7. a4 Nd7 8. a5 Bc5 9. Ke2 Ke7 10. Nd2 Bxe3 11. Kxe3 Nh6 12. Ne2 Nc5 13. b4 Ne6 14. f3 Rd8 15. Nb3 Nf7 16. h4 Bd7 17. g3 Rac8 18. f4 Nd6 19. Bd3 c5 20. f5 c4 21. fxe6 Bxe6 22. Nc5 cxd3 23. cxd3 f5 24. Nc3 fxe4 25. N3xe4 Nf5+ 26. Kd2 Nd4 27. Rhf1 Bd5 28. Nc3 Bc6 29. Rae1 b6 30. axb6 axb6 31. N5a4 Nb3+ 32. Kc2 Nd4+ 33. Kb2 Ke6 34. Ra1 Rf8 35. Nxb6 Rxf1 36. Rxf1 Rb8 37. Nc4 Rxb4+ 38. Ka2 Bb5 39. Nxb5 Rxb5 40. Rf8 Ne2 41. Re8+ Kf6 42. g4 Nc3+ 43. Ka3 Nb1+ 44. Ka4 Nc3+ 45. Ka3 Nb1+ 46. Ka4 1/2-1/2

[Event "IX Iberoamericano Championship 2023"]
[Site "Panama City"]
[Date "2023.12.02"]
[Round "9.10"]
[White "Roselli Mailhe, Bernardo"]
[Black "Baules Rodriguez, Jorge Luis"]
[Result "1/2-1/2"]
[ECO "D00"]
[WhiteElo "2364"]
[BlackElo "2283"]
[Annotator "ChessBase"]
[PlyCount "26"]
[EventDate "2023.11.27"]
[EventType "swiss"]
[EventCountry "PAN"]
[SourceTitle "playchess.com"]
[Source "ChessBase"]
[SourceQuality "1"]
[TimeControl "5400+30"]

1. d4 Nf6 2. Nf3 g6 3. Nc3 d5 4. Bf4 Bg7 5. e3 O-O 6. Be2 c5 7. Ne5 Nc6 8. O-O cxd4 9. exd4 Nd7 10. Nf3 Nf6 11. Ne5 Nd7 12. Nxd5 Ndxe5 13. dxe5 Be6 1/2-1/2

[Event "IX Iberoamericano Championship 2023"]
[Site "Panama City"]
[Date "2023.12.02"]
[Round "9.11"]
[White "Martins, Bruno Andre Leite"]
[Black "Villalba, Marcelo"]
[Result "1-0"]
[ECO "C45"]
[WhiteElo "2323"]
[BlackElo "2241"]
[Annotator "ChessBase"]
[PlyCount "73"]
[EventDate "2023.11.27"]
[EventType "swiss"]
[EventCountry "PAN"]
[SourceTitle "playchess.com"]
[Source "ChessBase"]
[SourceQuality "1"]
[TimeControl "5400+30"]

1. e4 e5 2. Nf3 Nc6 3. d4 exd4 4. Nxd4 Bc5 5. Nxc6 Qf6 6. Qf3 bxc6 7. Nd2 d5 8. exd5 Qxf3 9. Nxf3 Nf6 10. dxc6 Ng4 11. Bc4 Bxf2+ 12. Ke2 Bb6 13. h3 Nf6 14. Be3 Bxe3 15. Kxe3 Bf5 16. Kf4 Be6 17. Bxe6 fxe6 18. Rhe1 O-O 19. Kg3 Rab8 20. b3 Rb6 21. Nd4 Nh5+ 22. Kh2 Rf2 23. Rad1 h6 24. Re5 Nf4 25. Kg3 Ng6 26. Rxe6 Rf6 27. Re8+ Kh7 28. Rde1 h5 29. h4 Ra6 30. a4 Nxh4 31. R1e5 g6 32. R8e7+ Kh6 33. Rxc7 g5 34. Rc5 Rf1 35. Rd7 Rg1 36. Rd6+ Kh7 37. Rxg5 1-0

[Event "IX Iberoamericano Championship 2023"]
[Site "Panama City"]
[Date "2023.12.02"]
[Round "9.12"]
[White "Hernandez Montes, Jhon Sebastian"]
[Black "Noboa Silva, Kevin"]
[Result "1-0"]
[ECO "C10"]
[WhiteElo "2280"]
[BlackElo "2318"]
[Annotator "ChessBase"]
[PlyCount "85"]
[EventDate "2023.11.27"]
[EventType "swiss"]
[EventCountry "PAN"]
[SourceTitle "playchess.com"]
[Source "ChessBase"]
[SourceQuality "1"]
[TimeControl "5400+30"]

1. d4 e6 2. e4 d5 3. Nc3 dxe4 4. Nxe4 Nd7 5. Nf3 Ngf6 6. Bd3 Nxe4 7. Bxe4 Nf6 8. Bd3 c5 9. dxc5 Bxc5 10. O-O O-O 11. Qe2 Qc7 12. Bg5 Be7 13. a4 Rd8 14. h3 Bd7 15. Rfe1 Be8 16. Bh4 Rac8 17. Bg3 Bd6 18. Bh4 Be7 19. a5 Qc5 20. Bg5 Nd5 21. Qe4 g6 22. Qh4 Rc7 23. Rad1 f6 24. Bd2 Bf7 25. b4 Nxb4 26. Bxg6 hxg6 27. Bxb4 Qh5 28. Rxd8+ Bxd8 29. Rd1 Be7 30. Qd4 Qd5 31. Qa1 Qf5 32. Bxe7 Rxe7 33. Qc3 Kg7 34. g4 Qf4 35. Rd4 Rc7 36. Qa3 Qh6 37. g5 fxg5 38. Rd8 Kh7 39. Qd6 Rc4 40. Qe5 Qg7 41. Nxg5+ Kh6 42. Rh8+ Qxh8 43. Nxf7+ 1-0

[Event "IX Iberoamericano Championship 2023"]
[Site "Panama City"]
[Date "2023.12.02"]
[Round "9.13"]
[White "Solares Orozco, Kebert"]
[Black "Ortiz Verdezoto, Anahi"]
[Result "1/2-1/2"]
[ECO "D00"]
[WhiteElo "2312"]
[BlackElo "2175"]
[Annotator "ChessBase"]
[PlyCount "84"]
[EventDate "2023.11.27"]
[EventType "swiss"]
[EventCountry "PAN"]
[SourceTitle "playchess.com"]
[Source "ChessBase"]
[SourceQuality "1"]
[TimeControl "5400+30"]

1. d4 Nf6 2. Bg5 d5 3. Bxf6 gxf6 4. e3 c5 5. dxc5 e6 6. c4 dxc4 7. Nd2 Bxc5 8. Bxc4 Nc6 9. Ngf3 Rg8 10. g3 f5 11. Rc1 Qe7 12. e4 Bd7 13. exf5 exf5+ 14. Qe2 Qxe2+ 15. Kxe2 Bb6 16. Rhd1 Rd8 17. Nf1 f4 18. gxf4 Rg4 19. Ne3 Rxf4 20. b3 Nd4+ 21. Nxd4 Bxd4 22. Rg1 Bc6 23. Rg8+ Ke7 24. Rxd8 Kxd8 25. Rg1 Bf3+ 26. Kd3 Be5 27. Rg8+ Ke7 28. h3 Rd4+ 29. Kc2 Be4+ 30. Kc1 Bd6 31. Nc2 Bf4+ 32. Ne3 Bd6 33. Nc2 Bxc2 34. Kxc2 Rf4 35. Rg2 Kf6 36. Bd5 b6 37. Bb7 Rh4 38. Bc8 Rh5 39. Kd3 Rc5 40. Bb7 Rh5 41. Bc8 Rc5 42. Bb7 Rh5 1/2-1/2

[Event "IX Iberoamericano Championship 2023"]
[Site "Panama City"]
[Date "2023.12.02"]
[Round "9.14"]
[White "Obregon Garcia, Roxangel"]
[Black "Soto, Miguel Angel"]
[Result "0-1"]
[ECO "B76"]
[WhiteElo "2138"]
[BlackElo "2359"]
[Annotator "ChessBase"]
[PlyCount "120"]
[EventDate "2023.11.27"]
[EventType "swiss"]
[EventCountry "PAN"]
[SourceTitle "playchess.com"]
[Source "ChessBase"]
[SourceQuality "1"]
[TimeControl "5400+30"]

1. e4 c5 2. Nf3 d6 3. d4 cxd4 4. Nxd4 Nf6 5. Nc3 g6 6. Be3 Bg7 7. f3 Nc6 8. Qd2 O-O 9. O-O-O d5 10. exd5 Nxd5 11. Nxc6 bxc6 12. Bd4 e5 13. Bc5 Be6 14. Ne4 Re8 15. Bc4 Nf4 16. Qc3 Bd5 17. g4 Qh4 18. Bf2 Qh3 19. Bf1 Bxe4 20. fxe4 Qxg4 21. Re1 Ng2 22. Bxg2 Qxg2 23. Qe3 Qg4 24. Kb1 a5 25. a4 Reb8 26. b3 Rb4 27. Qd3 Bf8 28. Qc3 Rab8 29. Qxc6 Qf3 30. Be3 Rxb3+ 31. cxb3 Rxb3+ 32. Kc2 Rxe3 33. Rxe3 Qxh1 34. Re2 Qa1 35. Rd2 Bb4 36. Rd5 Kg7 37. Rd7 Qa2+ 38. Kd3 Qb3+ 39. Ke2 Qb2+ 40. Ke3 Qxh2 41. Qd5 Qf4+ 42. Kd3 h5 43. Rd8 h4 44. Qd7 Qf3+ 45. Kc4 Qxe4+ 46. Kb5 Qe2+ 47. Kb6 Qe3+ 48. Ka6 Qb3 49. Qe8 Qe6+ 50. Qxe6 fxe6 51. Kb5 g5 52. Kc4 Kf6 53. Kd3 Kf5 54. Ke3 Bc5+ 55. Ke2 g4 56. Rh8 h3 57. Kf1 Kf4 58. Rh7 Kg3 59. Rh6 h2 60. Rh7 Be7 0-1

[Event "IX Iberoamericano Championship 2023"]
[Site "Panama City"]
[Date "2023.12.02"]
[Round "9.15"]
[White "Esquivel Golcher, Luis Enrique"]
[Black "Matamoros Franco, Carlos S."]
[Result "0-1"]
[ECO "B12"]
[WhiteElo "2108"]
[BlackElo "2455"]
[Annotator "ChessBase"]
[PlyCount "56"]
[EventDate "2023.11.27"]
[EventType "swiss"]
[EventCountry "PAN"]
[SourceTitle "playchess.com"]
[Source "ChessBase"]
[SourceQuality "1"]
[TimeControl "5400+30"]

1. e4 c6 2. d4 d5 3. f3 dxe4 4. fxe4 e5 5. Nf3 Bg4 6. c3 Nd7 7. Bc4 Bd6 8. Qb3 Qe7 9. Ng5 Nh6 10. Qxb7 O-O 11. Qb3 exd4 12. cxd4 c5 13. Nc3 cxd4 14. Nd5 Qd8 15. O-O Ne5 16. h3 Rb8 17. Qc2 Rc8 18. b3 d3 19. Qb2 Be2 20. Be3 Re8 21. Rac1 Bc5 22. Bxc5 Rxc5 23. Qd2 Nxc4 24. bxc4 Bxf1 25. Rxf1 f6 26. Nf3 Rxc4 27. Nh4 Rcxe4 28. Nxf6+ gxf6 0-1

[Event "IX Iberoamericano Championship 2023"]
[Site "Panama City"]
[Date "2023.12.02"]
[Round "9.16"]
[White "Delgado Rosas, Alex Antonio"]
[Black "Sanchez Alvarez, Roberto Carlos"]
[Result "1-0"]
[ECO "D02"]
[WhiteElo "2105"]
[BlackElo "2437"]
[Annotator "ChessBase"]
[PlyCount "79"]
[EventDate "2023.11.27"]
[EventType "swiss"]
[EventCountry "PAN"]
[SourceTitle "playchess.com"]
[Source "ChessBase"]
[SourceQuality "1"]
[TimeControl "5400+30"]

1. d4 Nf6 2. Bf4 d5 3. e3 c5 4. Nf3 Nc6 5. Nbd2 Nh5 6. Be5 f6 7. c4 e6 8. Bg3 cxd4 9. Nxd4 Nxg3 10. Nxc6 bxc6 11. hxg3 g6 12. Qc2 Kf7 13. Bd3 f5 14. g4 Bg7 15. gxf5 exf5 16. g4 f4 17. O-O-O Rb8 18. Nb3 Bxg4 19. Rdg1 h5 20. Bxg6+ Kg8 21. f3 Bxf3 22. Bf7+ Kf8 23. Rxg7 Bxh1 24. Nd4 Qf6 25. Ne6+ Ke7 26. Bg8+ Qxg7 27. Nxg7 Rbxg8 28. Qg6 Kd7 29. Qf7+ Kd6 30. Qxf4+ Kd7 31. Qf7+ Kd6 32. Qf6+ Kc7 33. Ne6+ Kb6 34. c5+ Kb5 35. a4+ Kxa4 36. Qd4+ Ka5 37. Nc7 Rg1+ 38. Kd2 Rb8 39. Qc3+ Rb4 40. Qa3+ 1-0

[Event "IX Iberoamericano Championship 2023"]
[Site "Panama City"]
[Date "2023.12.02"]
[Round "9.17"]
[White "Flores Quillas, Diego Saul Rodri"]
[Black "Fernandez, Maria Florencia"]
[Result "1-0"]
[ECO "C17"]
[WhiteElo "2414"]
[BlackElo "2099"]
[Annotator "ChessBase"]
[PlyCount "75"]
[EventDate "2023.11.27"]
[EventType "swiss"]
[EventCountry "PAN"]
[SourceTitle "playchess.com"]
[Source "ChessBase"]
[SourceQuality "1"]
[TimeControl "5400+30"]

1. e4 e6 2. d4 d5 3. Nc3 Bb4 4. e5 c5 5. Qg4 Ne7 6. dxc5 Nbc6 7. Bd2 O-O 8. Nf3 Ng6 9. Qh5 Bxc5 10. Bd3 Nb4 11. O-O Nxd3 12. cxd3 f6 13. d4 Be7 14. exf6 Rxf6 15. Bg5 Rf5 16. Bxe7 Qxe7 17. Qg4 Bd7 18. Rfe1 Raf8 19. Qg3 Nf4 20. Re5 Qb4 21. Rb1 Be8 22. Rxf5 Rxf5 23. Nh4 Rf6 24. Qe3 Bg6 25. Nxg6 Nxg6 26. a3 Qb3 27. Ne4 Qb6 28. Nxf6+ gxf6 29. Rc1 Ne7 30. g4 Kf7 31. Re1 Ng6 32. f4 Nh4 33. Kf2 Qxb2+ 34. Re2 Qb6 35. f5 exf5 36. Qe8+ Kg7 37. Re7+ Kh6 38. Qh5# 1-0

[Event "IX Iberoamericano Championship 2023"]
[Site "Panama City"]
[Date "2023.12.02"]
[Round "9.18"]
[White "Morales Carlos"]
[Black "Ticona Rocabado, Licael Roderick"]
[Result "1-0"]
[ECO "A21"]
[WhiteElo "2102"]
[BlackElo "2412"]
[Annotator "ChessBase"]
[PlyCount "81"]
[EventDate "2023.11.27"]
[EventType "swiss"]
[EventCountry "PAN"]
[SourceTitle "playchess.com"]
[Source "ChessBase"]
[SourceQuality "1"]
[TimeControl "5400+30"]

1. c4 e5 2. Nc3 f5 3. g3 Nf6 4. Nf3 d6 5. d4 e4 6. Nh4 g6 7. Ng2 Bg7 8. h4 Be6 9. Nf4 Bf7 10. h5 Nxh5 11. Nxh5 gxh5 12. e3 O-O 13. Be2 Nd7 14. Nd5 c5 15. Bxh5 Bxd5 16. cxd5 cxd4 17. exd4 Qa5+ 18. Kf1 Qxd5 19. Be3 Rac8 20. Kg2 Nb6 21. b3 Qe6 22. Be2 Nd5 23. Qd2 Nxe3+ 24. fxe3 d5 25. Rac1 Bh6 26. Kf2 Kg7 27. Rxc8 Rxc8 28. Rc1 Rg8 29. Qa5 Kh8 30. Qc7 Qf6 31. Rh1 Rf8 32. Rh5 Rf7 33. Rxh6 Qxh6 34. Qxf7 Qh2+ 35. Ke1 Qxg3+ 36. Kd2 Qd6 37. Qxf5 Qb4+ 38. Kd1 Kg7 39. Qg5+ Kf8 40. Qf6+ Ke8 41. Qh8+ 1-0